 Dungeon Crawl Stone Soup version 0.14-a0-1519-gc5e2f7f (webtiles) character file.

759 Archteshnor the Ruinous (level 6, -2/45 HPs)
             Began as a Demigod Air Elementalist on Dec 16, 2013.
             Slain by an ogre
             ... wielding a +0,+0 giant club
              (13 damage)
             ... on Level 5 of the Dungeon.
             The game lasted 00:28:37 (4988 turns).

Archteshnor the Ruinous (Demigod Air Elementalist)  Turns: 4988, Time: 00:28:38

HP  -2/45        AC  4     Str 12      XL: 6   Next: 97%
MP  15/17        EV 12     Int 21      God:
Gold 157         SH  0     Dex 18      Spells:  3 memorised,  4 levels left

rFire  . . .     SeeInvis .     k - +3,+2 quarterstaff (chaos)
rCold  . . .     Clarity  .     a - +0 robe
rNeg   . . .     Conserve .     (no shield)
rPois  .         rCorr    .     (no helmet)
rElec  .         rRot     .     j - +1 elf cloak
SustAb . .       Spirit   .     (no gloves)
rMut   .         Warding  .     (no boots)
Saprov . . .     Stasis   .     (no amulet)
                                (no ring)
                                (no ring)

@: slightly resistant to hostile enchantments, stealthy
A: no striking features
a: no special abilities


You were on level 5 of the Dungeon.
You were not hungry.

You visited 1 branch of the dungeon, and saw 5 of its levels.

You collected 157 gold pieces.

Inventory:

Hand weapons
 f - a +2,+2 mace of crushing
 k - a +3,+2 quarterstaff of chaos (weapon)
Missiles
 h - 4 javelins of penetration
 i - 17 darts (quivered)
 n - 33 stones
Armour
 a - a +0 robe (worn)
 j - a +1 elven cloak (worn)
 t - a +0 buckler
Comestibles
 c - 2 bread rations
 g - a rambutan
 l - a lemon
 m - a rotting chunk of human flesh
 q - a chunk of rat flesh
 r - a meat ration
Scrolls
 o - a scroll of remove curse
 p - a scroll of enchant armour
 s - a scroll of noise {unknown}
Potions
 d - 4 potions of heal wounds {unknown}
 e - a potion of beneficial mutation {unknown}
 z - a potion of resistance {unknown}
Books
 b - a book of Air

   Spells                             Type                      Level
   *Shock                             Conjuration/Air              1
   *Swiftness                         Charms/Air                   2
   Repel Missiles                     Charms/Air                   2
   Flight                             Charms/Air                   3
   Static Discharge                   Conjuration/Air              3
   *Lightning Bolt                    Conjuration/Air              5


   Skills:
 - Level 1.7 Dodging
 - Level 1.7 Stealth
 + Level 3.5 Spellcasting
 + Level 5.2 Conjurations
 * Level 0.8 Charms
 - Level 4.0 Air Magic


You had 4 spell levels left.
You knew the following spells:

 Your Spells              Type           Power        Failure   Level  Hunger
a - Shock                 Conj/Air       ###.         1%          1    None
b - Swiftness             Chrm/Air       ##......     10%         2    #......
c - Lightning Bolt        Conj/Air       ###.......   54%         5    #####..


Dungeon Overview and Level Annotations

Branches:
Dungeon (5/16)             Temple (0/1) D:4

Annotations:
D:3 thfral's ghost, average DrVM


Message History

Aim: an ogre, wielding a giant club (moderately wounded) That beam is likely to hit you.
Continue anyway?
The zap hits the ogre.
The ogre is heavily wounded.
The zap hits the ogre.
The ogre is heavily wounded.
The zap misses you. The ogre hits you with a giant club.
You barely miss the ogre.
The ogre is heavily wounded.
The ogre hits you with a giant club!
You hit the ogre.
You feel better.
The ogre is severely wounded.
You barely miss the ogre.
The ogre is severely wounded.
The ogre hits you with a giant club!
* * * LOW HITPOINT WARNING * * *
You hit the ogre.
You heal the ogre.
The ogre is moderately wounded.
The ogre hits you with a giant club!
You die...

############# ###.....
#...........# #...#...
#...........###.###...
#.....<......)..# #...
#...........##### #...
#...........# #...
#...........# #...
#######.##### #...
#.O@..# ##.# #'#####
#. #..O........
#....?.>...
#..........
#.......... #.........
#......!. #.......


You could see an ogre.

Vanquished Creatures
  An ogre (D:3)
  2 slaves (D:4)
  2 hounds (D:4)
  Crazy Yiuf (D:3)
  A giant frog skeleton (D:5)
  2 orc priests (D:4)
  3 orc wizards
  3 worker ants (D:4)
  7 adders
  3 worms
  2 giant geckos
  2 oozes
  11 orcs
  10 bats
  8 goblins
  8 hobgoblins
  17 jackals
  6 kobolds
  10 giant cockroaches
  A giant newt (D:3)
  8 rats
108 creatures vanquished.

Notes
Turn   | Place    | Note
--------------------------------------------------------------
     0 | D:1      | Archteshnor, the Demigod Air Elementalist, began the quest for the Orb.
     0 | D:1      | Reached XP level 1. HP: 14/14 MP: 3/3
    17 | D:1      | Reached skill level 1 in Conjurations
   419 | D:1      | Reached XP level 2. HP: 20/20 MP: 3/5
  1206 | D:2      | Learned a level 2 spell: Swiftness
  1209 | D:2      | Learned a level 2 spell: Repel Missiles
  1299 | D:2      | Reached XP level 3. HP: 26/26 MP: 8/8
  2109 | D:3      | Reached skill level 3 in Air Magic
  2159 | D:3      | Reached XP level 4. HP: 24/33 MP: 6/11
  2893 | D:3      | Reached XP level 5. HP: 38/38 MP: 9/12
  2986 | D:3      | Noticed thfral's ghost (average DrVM)
  3230 | D:3      | Noticed Crazy Yiuf
  3237 | D:3      | Killed Crazy Yiuf
  3308 | D:4      | Reached skill level 4 in Conjurations
  3315 | D:4      | Learned a level 5 spell: Lightning Bolt
  3396 | D:3      | Noticed an ogre
  3431 | D:3      | Killed an ogre
  3431 | D:3      | Reached XP level 6. HP: 3/45 MP: 6/17
  3971 | D:5      | Entered Level 5 of the Dungeon
  4170 | D:4      | Found a white marble altar of Elyvilon.
  4303 | D:4      | Reached skill level 5 in Conjurations
  4531 | D:4      | Found a staircase to the Ecumenical Temple.
  4644 | D:4      | Found a blossoming altar of Fedhas.
  4648 | D:4      | Found an ancient bone altar of Kikubaaqudgha.
  4649 | D:4      | Found an iron altar of Okawaru.
  4654 | D:4      | Found a basalt altar of Yredelemnul.
  4660 | D:4      | Found a radiant altar of Vehumet.
  4721 | D:4      | Noticed a slave
  4737 | D:4      | Killed a slave
  4767 | D:4      | Noticed a slave
  4770 | D:4      | Noticed a slave
  4794 | D:4      | Killed a slave
  4988 | D:5      | Slain by an ogre

Action                   |  1- 3 |  4- 6 || total
-------------------------+-------+-------++-------
Melee: Unarmed           |    16 |       ||    16
       Mace              |    51 |    48 ||    99
       Dagger            |     6 |       ||     6
       Quarterstaff      |       |    78 ||    78
 Cast: Shock             |    58 |   115 ||   173
       Swiftness         |       |     1 ||     1
  Use: Scroll            |     7 |     4 ||    11
 Stab: Sleeping          |       |     1 ||     1
